 Dungeon Crawl Stone Soup version 0.32-a0-900-g30fb1b0edc (webtiles) character file.

Game seed: 16456207892798591155

8233 senseless the Fighter (level 11, -12/124 HPs)
             Began as an Oni Berserker on Apr 5, 2024.
             Was a High Priest of Trog.
             Mangled by a deep troll (18 damage)
             ... on level 9 of the Dungeon.
             The game lasted 00:30:23 (10299 turns).

senseless the Fighter (Oni Berserker)              Turns: 10299, Time: 00:30:25

Health: -12/124    AC:  8    Str: 27    XL:     11   Next: 27%
Magic:  20/20      EV: 12    Int: 11    God:    Trog [*****.]
Gold:   361        SH:  0    Dex: 14    Spells: 10/10 levels left

rFire   + . .        E - +1 demon whip (venom)
rCold   . . .        (no shield)
rNeg    . . .        A - +0 steam dragon scales
rPois   .            (helmet restricted)
rElec   .            s - +1 cloak {Stlth+}
rCorr   .            (gloves unavailable)
SInv    .            (boots unavailable)
Will    +++..        (no amulet)
Stlth   ++           k - ring of Wonder {MP+9 Int+3}
HPRegen 1.40/turn    q - +6 ring of dexterity
MPRegen 0.17/turn

%: no passive effects
@: strong-willed, on berserk cooldown, regenerating, slowed, studying Shields,
very slow
A: large, unfitting armour, horns 1, tough skin 1, double potion healing,
drunken brawling, fire resistance 1, passive freeze, MP-powered wands
a: Renounce Religion, Berserk, Trog's Hand, Brothers in Arms


You were on level 9 of the Dungeon.
You worshipped Trog.
Trog was extremely pleased with you.
You visited 1 branch of the dungeon, and saw 9 of its levels.

You collected 507 gold pieces.
You spent 146 gold pieces at shops.

Inventory:

Hand Weapons
 g - a +2 giant spiked club
 r - a +3 mace of protection
 t - a +4 quarterstaff of chaos
 B - a +1 heavy dire flail
 E - a +1 demon whip of venom (weapon)
Missiles
 b - 2 throwing nets
 e - 28 poisoned darts
 h - 7 boomerangs
Armour
 m - a +1 robe
 s - a +1 cloak of stealth (worn)
 A - +0 steam dragon scales (worn)
Jewellery
 j - a ring of ice
 k - the ring of Wonder (left hand) {MP+9 Int+3}
   (You found it on level 3 of the Dungeon)

   [ring of magical power]

   Int+3:     It affects your intelligence (+3).
   MP+9:      It affects your magic capacity (+9).
 q - a +6 ring of dexterity (right hand)
 x - an amulet of magic regeneration
Wands
 u - a wand of flame (5)
 C - a wand of polymorph (1)
 D - a wand of acid (6)
Scrolls
 c - 6 scrolls of teleportation
 w - a scroll of vulnerability
 y - a scroll of immolation
Potions
 a - a potion of attraction
 d - a potion of lignification
 f - a potion of mutation
 i - a potion of enlightenment
 l - 3 potions of might
 n - a potion of heal wounds
 o - 5 potions of curing
 p - a potion of brilliance
 v - 2 potions of invisibility
 z - a potion of magic


   Skills:
 + Level 12.4 Fighting
 + Level 9.5 Maces & Flails
 + Level 7.2 Throwing
 + Level 8.7 Dodging


You had 10 spell levels left.
You didn't know any spells.
Your spell library was empty.

Dungeon Overview and Level Annotations

Branches:
Dungeon (9/15)             Temple (0/1) D:5
   Lair: D:8-11         Orc: D:9-12

Altars:
Ashenzari
Dithmenos
Fedhas
Gozag
Kikubaaqudgha
Makhleb
Qazlal
Ru
Sif Muna
Trog
Uskayaw
Vehumet
Yredelemnul
Zin

Shops:
D:1 :![[   D:4 (

Annotations:
D:9 1 transporter


Innate Abilities, Weirdness & Mutations

You are too large for most types of armour.
You have a pair of small horns on your head.
You have tough skin. (AC +1)
You gain doubled healing and magic from potions.
Whenever you drink a healing potion, you attack all around you.
Your flesh is heat resistant. (rF+)
A frigid envelope surrounds you and freezes all who hurt you.
You expend magic power (3 MP) to strengthen your wands.


Message History

Okay, then.
Press: ? - help, v - describe, . - travel A rock wall.
You take a swig of the potion and twirl your +1 demon whip of venom.
You hit ImSober's ghost but do no damage.
ImSober's ghost is almost destroyed.
You barely miss the deep troll.
You headbutt the deep troll, but do no damage.
The deep troll is moderately wounded.
You savour every drop.
You feel much better. The deep troll bites you!!
The deep troll is very cold.
The deep troll is moderately wounded.
The deep troll misses you. The deep troll claws you.
The deep troll is very cold.
The deep troll is moderately wounded.
The deep troll bites you!
* * * LOW HITPOINT WARNING * * *
The deep troll is very cold.
The deep troll is moderately wounded.
The deep troll barely misses you. The deep troll claws you!
* * * LOW HITPOINT WARNING * * *
The deep troll is very cold.
The deep troll is heavily wounded.
The orc warrior hits you from afar with a +0 glaive.
* * * LOW HITPOINT WARNING * * *
ImSober's ghost hits you but does no damage.
ImSober's ghost is very cold.
You destroy ImSober's ghost!
Trog accepts your kill.
The two-headed ogre attacks as it pursues you!
The two-headed ogre hits you but does no damage.
The two-headed ogre is very cold.
The two-headed ogre is lightly wounded.
The two-headed ogre barely misses you. The deep troll barely misses you.
The deep troll claws you!
* * * LOW HITPOINT WARNING * * *
The deep troll is very cold.
The deep troll is heavily wounded.
The deep troll claws you!!
You die...

#.......##......###............
#.......##.....####............
#####..##.##..#≈#.##..#####....
#..#.##≈$[?##..#..# #....
#..#..##._...oo#..# #....
#..#....y.o#.W.#..# #....
#..##...T#≈#..##..# #....
#####...#....T##..#...#####....
#.......##...O@.###............
#........###.©.###.............
#..........#####...............
#............©...............##
#............................#
#......>.....................#
#............................#
#........)..<................##
#..............................


You could see a two-headed ogre, a deep troll (berserk), a moth of wrath and a
troll (berserk).

Vanquished Creatures
  2 two-headed ogres
  The ghost of ImSober the Skirmisher, a novice CoBr of Hepliaklqana (D:9)
  Amaemon (D:9)
  An orange demon (D:9)
  5 unseen horror zombies (D:9)
  A wraith (D:9)
  Sigmund (D:2)
  A wyvern (D:9)
  2 steam dragons (D:9)
  A water moccasin (D:7)
  A hornet zombie (D:9)
  A black bear (D:7)
  Duvessa (D:4)
  An orc warrior (D:9)
  2 ogres (D:6)
  2 centaurs
  A phantom (D:6)
  A kobold brigand (D:8)
  8 bullfrogs
  A wyvern zombie (D:9)
  2 scorpions (D:6)
  A burial acolyte (D:5)
  Dowan (D:4)
  19 killer bees
  3 howler monkeys
  2 bombardier beetles
  A centaur zombie (D:9)
  A hound (D:5)
  A jelly (D:6)
  A gnoll bouda (D:5)
  6 orc priests
  Crazy Yiuf (D:5)
  3 sleepcaps
  Natasha (thrice) (D:4)
  4 iguanas
  4 orc wizards
  A hound zombie (D:5)
  8 gnolls
  6 adders
  3 shadow imps
  A white imp (D:7)
  2 ufetubi (D:6)
  2 adder zombies (D:5)
  2 ribbon worms
  32 orcs
  9 ball pythons
  3 bats
  7 endoplasms
  4 giant cockroaches
  A gnoll zombie (D:5)
  5 hobgoblins
  3 jackals (D:5)
  5 quokkas
  2 frilled lizards
  9 goblins
  13 kobolds
  3 kobold zombies (D:5)
  A rat (D:2)
210 creatures vanquished.

Vanquished Creatures (others)
  A killer bee zombie (D:9)
1 creature vanquished.

Grand Total: 211 creatures vanquished

Notes
Turn   | Place    | Note
-------+----------+-------------------------------------------
     0 | D:1      | senseless the Oni Berserker began the quest for the Orb.
     0 | D:1      | Reached XP level 1. HP: 24/24 MP: 1/1
    43 | D:1      | Reached XP level 2. HP: 26/32 MP: 2/2
    99 | D:1      | You fall into a shaft and drop 1 floor!
   129 | D:1      | Found Mysm's Book Shop.
   213 | D:1      | Found Syakefowk's Armour Emporium.
   279 | D:1      | Found Yteuss's Armour Boutique.
   441 | D:1      | Reached ** piety under Trog
   442 | D:1      | Reached XP level 3. HP: 40/40 MP: 3/3
   626 | D:1      | Found Doru's Distillery.
   844 | D:1      | Bought a +0 cloak for 54 gold pieces
   949 | D:2      | Found a faded altar of an unknown god.
  1285 | D:2      | Noticed Sigmund
  1294 | D:2      | Killed Sigmund
  1295 | D:2      | Reached skill level 5 in Fighting
  1295 | D:2      | Reached XP level 4. HP: 52/52 MP: 4/4
  1295 | D:2      | Reached XP level 5. HP: 59/59 MP: 5/5
  1515 | D:1      | Bought a +1 robe for 92 gold pieces
  1816 | D:3      | Gained mutation: Your flesh is heat resistant. (rF+)
                  | [potion of mutation]
  1816 | D:3      | Gained mutation: A frigid envelope surrounds you and
                  | freezes all who hurt you. [potion of mutation]
  1816 | D:3      | Gained mutation: You expend magic power (3 MP) to
                  | strengthen your wands. [potion of mutation]
  1861 | D:3      | Reached skill level 6 in Fighting
  2035 | D:3      | Reached XP level 6. HP: 67/67 MP: 6/6
  2318 | D:3      | Found a sacrificial altar of Ru.
  2329 | D:3      | Found a burning altar of Makhleb.
  2398 | D:3      | Identified the ring of Wonder {MP+9 Int+3}
  2507 | D:3      | Found a shimmering blue altar of Sif Muna.
  2679 | D:3      | Found a hide-covered altar of Uskayaw.
  3402 | D:4      | Found Denkudgh's Weapon Boutique.
  3614 | D:4      | Noticed Duvessa
  3620 | D:4      | Killed Duvessa
  3621 | D:4      | Reached skill level 5 in Maces & Flails
  3621 | D:4      | Reached XP level 7. HP: 76/76 MP: 7/7
  3622 | D:4      | Noticed Dowan
  3632 | D:4      | Killed Dowan
  3632 | D:4      | Reached *** piety under Trog
  3662 | D:4      | Noticed Natasha
  3668 | D:4      | Killed Natasha
  3669 | D:4      | Reached skill level 7 in Fighting
  3681 | D:4      | Noticed Natasha
  3686 | D:4      | Killed Natasha
  3691 | D:4      | Noticed Natasha
  3698 | D:4      | Killed Natasha
  4021 | D:5      | Entered Level 5 of the Dungeon
  4094 | D:5      | Found an opulent altar of Gozag.
  4191 | D:5      | Found a radiant altar of Vehumet.
  4193 | D:5      | Reached skill level 5 in Dodging
  4372 | D:5      | Reached XP level 8. HP: 79/88 MP: 8/8
  4508 | D:5      | Found a glowing silver altar of Zin.
  4508 | D:5      | Noticed an angel
  4514 | D:5      | Found a staircase to the Ecumenical Temple.
  4518 | D:5      | Reached skill level 8 in Fighting
  4581 | D:5      | Found a blossoming altar of Fedhas.
  4673 | D:5      | Found a stormy altar of Qazlal.
  4685 | D:5      | Found a runed translucent door.
  4686 | D:5      | Noticed Crazy Yiuf
  4838 | D:5      | Found an ancient bone altar of Kikubaaqudgha.
  4882 | D:5      | Reached **** piety under Trog
  4976 | D:5      | Killed Crazy Yiuf
  5049 | D:6      | Reached skill level 1 in Throwing
  5748 | D:6      | Reached skill level 9 in Fighting
  5886 | D:6      | Reached XP level 9. HP: 65/98 MP: 9/9
  6500 | D:7      | Found a broken altar of Ashenzari.
  6504 | D:7      | Saw a vision of the Shoals and the Snake Pit.
  6504 | D:7      | Noticed a wind drake
  6504 | D:7      | Noticed a merfolk
  6504 | D:7      | Noticed a sea snake
  6504 | D:7      | Noticed a water nymph
  6504 | D:7      | Noticed a cyclops
  6505 | D:7      | Noticed a mana viper
  6506 | D:7      | Noticed a guardian serpent
  6506 | D:7      | Noticed a mana viper
  6508 | D:7      | Noticed a naga mage
  6509 | D:7      | Noticed a black mamba
  7851 | D:8      | Reached ***** piety under Trog
  8039 | D:8      | Reached skill level 10 in Fighting
  8116 | D:8      | Noticed a two-headed ogre
  8125 | D:8      | Killed a two-headed ogre
  8126 | D:8      | Reached skill level 5 in Throwing
  8126 | D:8      | Reached XP level 10. HP: 86/111 MP: 10/10
  8715 | D:9      | Noticed a moth of wrath
  8747 | D:9      | Found a bloodstained altar of Trog.
  8747 | D:9      | Noticed ImSober's ghost (novice CoBr)
  8748 | D:9      | Found a transporter.
  8753 | D:9      | Noticed a two-headed ogre
  8754 | D:9      | Found a transporter.
  8759 | D:9      | Noticed a deep troll
  8918 | D:9      | Noticed a two-headed ogre
  8926 | D:9      | Reached skill level 11 in Fighting
  8927 | D:9      | Killed a two-headed ogre
  8995 | D:9      | Found a shadowy altar of Dithmenos.
  9070 | D:9      | Found a basalt altar of Yredelemnul.
  9337 | D:9      | Reached XP level 11. HP: 46/123 MP: 11/11
  9345 | D:9      | Reached skill level 12 in Fighting
  9565 | D:9      | Noticed Amaemon
  9574 | D:9      | Killed Amaemon
 10298 | D:9      | Killed ImSober's ghost
 10299 | D:9      | HP: 6/124 [deep troll (13)]
 10299 | D:9      | Mangled by a deep troll

Illustrated notes

Levels and vault maps discovered:
D:1:      giann_bridges, layout_basic, serial_shops,
          nicolae_shop_real_fake_doors, shop, nicolae_shop_tiny_statue_garden,
          shop_statue
D:2:      layout_basic, shapermc_ecumenical_altar_venn, uniq_sigmund
D:3:      layout_loops_corners, old_standard_altar,
          mainiacjoe_overflow_alcove_4, mainiacjoe_overflow_big_doors,
          corner_web_ring, grunt_ministairs_2
D:4:      layout_loops_corners, serial_shops, shop, solitary_fountain,
          uniq_duvessa, uniq_natasha
D:5:      layout_cave_pools, zin_angel,
          mainiacjoe_overflow_concentric_impassable,
          nicolae_qazlal_general_emergency,
          regret_index_kikubaaqudgha_part_by_part, marbit_many_paths,
          lemuel_round_altar, minmay_temple_entry_wispy, serial_bayou_lagoon_b,
          uniq_crazy_yiuf_cottage
D:6:      layout_cave_pods, serial_library,
          serial_library_regret_index_split_case,
          serial_library_hellmonk_open_square, serial_library_hellmonk_room_a,
          serial_library_hellmonk_narrow_alcove,
          serial_library_hellmonk_filled_rooms,
          serial_library_hellmonk_small_alcove,
          serial_library_hellmonk_small_corner,
          serial_library_hellmonk_recessed_alcove,
          serial_library_hellmonk_semicircle, serial_library_hellmonk_room_a
D:7:      layout_loops_corners, grunt_ashenzari_visionary
          [grunt_ashenzari_visionary_shoals, grunt_ashenzari_visionary_snake],
          nrook_uturn, lemuel_flame_loot_1
D:8:      layout_cave_pools, serial_co_window_serial, co_window_paths_b,
          co_window_corner_a, co_window_corner_a, co_window_of_opportunity_a,
          co_window_of_opportunity_a, co_window_cross_1, co_window_broadway_b,
          co_window_broadway_c, co_window_broadway_a, co_window_2corner,
          co_window_cross_4, co_window_corner_cb, co_window_corner_b,
          glass_columns_b
D:9:      layout_long_grid, lemuel_crystal_altar,
          nicolae_yredelemnul_corpse_copse, enter_bailey_3,
          gammafunk_ghost_wrathful_warriors, uniq_amaemon

Skill      XL: |  1  2  3  4  5  6  7  8  9 10 11 |
---------------+----------------------------------+-----
Dodging        | 3 4 5 6 7 8 |  8.7
Fighting       | 5 6 7 9 10 11 12 | 12.4
Maces & Flails | 4 5 6 8 9 |  9.5
Throwing       | 2 5 6 7 |  7.2

Action                     |  1- 3 |  4- 6 |  7- 9 | 10-12 || total
---------------------------+-------+-------+-------+-------++-------
  Melee: Mace              |    86 |    50 |    97 |       ||   233
         Headbutt          |     8 |     6 |    45 |    23 ||    82
         Giant spiked club |       |       |    95 |    97 ||   192
         Demon whip        |       |       |       |     8 ||     8
 Invoke: Berserk           |     1 |     1 |     1 |     1 ||     4
         Trog's Hand       |       |       |       |     1 ||     1
    Use: Scroll            |       |     6 |     9 |     5 ||    20
         Potion            |       |     1 |       |     4 ||     5
   Stab: Sleeping          |     1 |       |     7 |     2 ||    10
 Armour: Animal skin       |    55 |       |       |       ||    55
         Robe              |       |    35 |   136 |    37 ||   208
         Steam dragon scal |       |       |       |   190 ||   190
  Dodge: Dodged            |    46 |    26 |   139 |   199 ||   410

Table legend: (Time is in decaauts)
 A = Elapsed time spent in this place.
 B = Non-inter-level travel time spent in this place.
 C = Inter-level travel time spent in this place.
 D = Time resting spent in this place.
 E = Time spent auto-exploring this place.
 F = Levels seen in this place.
 G = Mean time per level.
                   A        B        C        D        E       F      G
               +--------+--------+--------+--------+--------+-----+--------+
         Total |  10443 |   9824 |    619 |    413 |   7808 |   9 | 1160.3 |
       Dungeon |  10443 |   9824 |    619 |    413 |   7808 |   9 | 1160.3 |
               +--------+--------+--------+--------+--------+-----+--------+

Top non-repeatable levels by time:
     D:9: 1610 daAuts
     D:7: 1337 daAuts
     D:3: 1313 daAuts
     D:8: 1231 daAuts
     D:6: 1167 daAuts
     D:5: 1002 daAuts
     D:1: 969 daAuts
     D:4: 942 daAuts
     D:2: 868 daAuts
